 Dungeon Crawl Stone Soup version 0.20.1-1-g8b1a95d (webtiles) character file.

69 pstr the Digger (level 4, -2/24 HPs)
             Began as a Kobold Earth Elementalist on Dec 1, 2017.
             Slain by Sigmund
             ... wielding a +0 scythe
              (9 damage)
             ... on level 2 of the Dungeon.
             The game lasted 00:06:56 (2684 turns).

pstr the Digger (Kobold Earth Elementalist)         Turns: 2684, Time: 00:06:56

Health: -2/24      AC:  3    Str: 10    XL:     4   Next: 42%
Magic:  1/8        EV: 15    Int: 17    God:
Gold:   60         SH:  0    Dex: 15    Spells: 3/9 levels left

rFire    . . .     SeeInvis .   (weapon restricted)
rCold    . . .     Gourm    .   (shield restricted)
rNeg     . . .     Faith    .   m - +0 leather armour (curse)
rPois    .         Spirit   .   (no helmet)
rElec    .         Reflect  .   (no cloak)
rCorr    .         Harm     .   (no gloves)
MR       .....                  (no boots)
Stlth    +.........             (no amulet)
Regen    0.1/turn               (no ring)
MPRegen  0.2/turn               (no ring)

@: confused, mighty, very slightly contaminated
A: carnivore 3
a: no special abilities


You were on level 2 of the Dungeon.
You were full.

You visited 1 branch of the dungeon, and saw 2 of its levels.

You collected 60 gold pieces.

Inventory:

Missiles
 b - 53 stones (quivered)
Armour
 c - a +0 robe
 f - a +0 leather armour
 l - a +2 robe of positive energy
 m - a cursed +0 leather armour (worn)
Scrolls
 g - 5 scrolls of identify {unknown}
 h - 2 scrolls of teleportation {unknown}
 j - a scroll of remove curse {unknown}
 k - a scroll of blinking {unknown}
Books
 e - a book of Geomancy

   Spells                             Type                      Level
   a - Sandblast                      Earth                        1
   b - Passwall                       Transmutation/Earth          2
   c - Stone Arrow                    Conjuration/Earth            3
   d - Petrify                        Transmutation/Earth          4
   e - Lee's Rapid Deconstruction     Earth                        5
Comestibles
 d - a meat ration


   Skills:
 + Level 2.8 Dodging
 + Level 2.9 Stealth
 + Level 0.2 Unarmed Combat
 + Level 3.1 Spellcasting
 + Level 1.0 Conjurations
 + Level 1.0 Transmutations
 + Level 3.8 Earth Magic


You had 3 spell levels left.
You knew the following spells:

 Your Spells              Type           Power        Failure   Level  Hunger
a - Sandblast             Erth           ###...       4%          1    None
b - Passwall              Tmut/Erth      ##........   13%         2    ##.....
c - Stone Arrow           Conj/Erth      ##....       26%         3    ###....


Dungeon Overview and Level Annotations

Branches:
Dungeon (2/15)

Altars:

Annotations:
D:2 Sigmund


Innate Abilities, Weirdness & Mutations

You are small and have problems with some larger weapons.
You are carnivorous and can eat meat at any time.


Message History

It was a potion of might.
You feel very mighty all of a sudden. Sigmund barely misses you.
Wield which item (- for none, * to show all)? (? for menu, Esc to quit)
Okay, then.
Casting: Sandblast
Confirm with . or Enter, or press ? or * to list all spells.
Aiming: Sandblast
Press: ? - help, Shift-Dir - straight line, f/p - Sigmund
Aim: Sigmund, wielding a scythe and wearing a runed robe (severely wounded)
The blast of sand hits Sigmund.
Sigmund is almost dead.
b - 53 stones Sigmund says, "Look into my eyes."
Sigmund gestures at you while chanting.
You are confused.
You closely miss Sigmund.
Sigmund is almost dead.
Sigmund hits you with a scythe!
You die...

.......#.#.#.#
###....#.#.#[#
###....#.#.#.#
..#....#.#.#.#
.....#>#.#.#.#
############
#.##.#.#.#.#.#
#...........
#.##.#.#.#.#.#
#.##########
#.##.#.#.#.#.# #@#
#.##.#.#...#.# #@#
#.##.#.#####.# #.#
#....#.......# #.#
################.#
.................#
##################


You could see Sigmund.

Vanquished Creatures
  2 adders (D:2)
  An ooze (D:1)
  A dart slug (D:1)
  A leopard gecko (D:1)
  7 bats
  2 giant cockroaches (D:1)
  2 goblins
  3 hobgoblins
  6 jackals
  A quokka (D:2)
  5 frilled lizards
  6 kobolds
  8 rats
45 creatures vanquished.

Notes
Turn   | Place    | Note
-------+----------+-------------------------------------------
     0 | D:1      | pstr the Kobold Earth Elementalist began the quest for the Orb.
     0 | D:1      | Reached XP level 1. HP: 10/10 MP: 3/3
   185 | D:1      | Reached XP level 2. HP: 15/15 MP: 3/5
   189 | D:1      | Learned a level 2 spell: Passwall
   354 | D:1      | Reached XP level 3. HP: 19/19 MP: 0/6
   359 | D:1      | Learned a level 3 spell: Stone Arrow
  1780 | D:2      | Reached XP level 4. HP: 24/24 MP: 1/8
  1963 | D:2      | Reached skill level 1 in Conjurations
  2244 | D:2      | Noticed Sigmund
  2684 | D:2      | Slain by Sigmund

Skill      XL: |  1  2  3  4 |
---------------+-------------+-----
Spellcasting   | 3 |  3.1
Conjurations   | 1 |  1.0
Dodging        | |  2.8
Stealth        | |  2.9
Unarmed Combat | |  0.2
Transmutations | |  1.0
Earth Magic    | |  3.8

Action                   |  1- 3 |  4- 6 || total
-------------------------+-------+-------++-------
Melee: Unarmed           |     8 |    10 ||    18
 Cast: Sandblast         |    35 |     9 ||    44
       Stone Arrow       |    13 |    15 ||    28
  Use: Potion            |       |     2 ||     2
       Scroll            |       |     1 ||     1
  Eat: Chunk             |    11 |     4 ||    15
Armor: Robe              |     5 |       ||     5
       Leather armour    |     3 |     5 ||     8
Dodge: Dodged            |    24 |    10 ||    34
